Map: Apotheosis LE

Players

slotty - Winner!

  • Race: Zerg Zerg
  • League: Gold

Pycckuu

  • Race: Protoss Protoss
  • League: Gold

VOD

Have the link to the VOD?

Description

Time

  • Played on: Aug. 28, 2016, 2:53 p.m.
  • Length: 15:44
Show
View Real Time Build Order
Export as new Build Order

slotty Zerg - Winner!

Build Orders: Hatch First, Lurkers 

Get SALT Encoding   

  12  0:01  Drone  
  13  0:12  Overlord  
  13  0:17  Drone  
  14  0:24  Extractor, Drone  
  15  0:31  Drone  
  15  0:35  Drone  
  17  0:53  Hatchery  
  16  0:57  Drone  
  17  1:10  Spawning Pool  
  16  1:13  Drone  
  16  1:16  Extractor  
  16  1:18  Drone  
  17  1:28  Overlord  
  17  1:36  Drone  
  18  1:48  Drone  
  18  1:51  Drone  
  20  1:57  Queen  
  20  2:01  Drone  
  23  2:05  Queen  
  25  2:33  Zergling x10  
  30  2:57  Lair  
  30  2:58  Roach Warren  
  29  3:01  Drone  
  30  3:08  Metabolic Boost  
  30  3:14  Drone  
  30  3:15  Drone  
  32  3:23  Drone x3  
  35  3:28  Overlord  
  35  3:35  Drone  
  35  3:37  Overlord  
  35  3:53  Evolution Chamber  
  35  3:55  Drone x4  
  38  3:57  Evolution Chamber  
  37  4:07  Queen  
  37  4:08  Queen  
  41  4:17  Drone x3  
  41  4:23  Drone x3  
  47  4:38  Drone, Extractor  
  47  4:39  Drone x3  
  50  4:47  Hydralisk Den  
  50  4:52  Queen  
  51  4:55  Overlord x2  
  51  5:13  Queen  
  53  5:14  Zerg Ground Armor Level 1  
  53  5:16  Zerg Missile Weapons Level 1  
  49  5:36  Roach x6  
  61  5:51  Extractor  
  61  5:52  Extractor  
  59  6:00  Hatchery  
  59  6:01  Drone x3  
  59  6:02  Drone x2  
  59  6:03  Drone  
  64  6:10  Overlord x2  
  64  6:21  Overlord x2  
  64  6:34  Glial Reconstitution  
  64  6:35  Lurker Den  
  64  6:37  Hydralisk x3  
  70  6:40  Drone  
  70  6:44  Drone x3  
  74  6:47  Queen  
  74  6:50  Overlord x2  
  76  7:08  Spore Crawler x2  
  74  7:12  Drone x2  
  74  7:13  Spore Crawler  
  74  7:14  Drone x2  
  74  7:15  Hydralisk x5, Spore Crawler  
  86  7:36  Drone x7  
  93  7:40  Hydralisk  
  93  7:44  Spore Crawler x2  
  93  7:58  Drone x8  
  101  8:03  Zerg Ground Armor Level 2  
  101  8:04  Zerg Missile Weapons Level 2  
  101  8:09  Muscular Augments  
  101  8:12  Infestation Pit  
  100  8:13  Burrow  
  100  8:20  Drone x3  
  100  8:22  Drone x3  
  100  8:26  Overlord x2  
  106  8:28  Extractor  
  106  8:29  Overlord  
  106  8:30  Extractor  
  104  8:36  Pneumatized Carapace  
  104  8:40  Queen  
  106  9:01  Hydralisk x4, Roach x2  
  106  9:02  Roach x2  
  122  9:10  Hatchery, Overseer x3  
  122  9:12  Lurker  
  122  9:39  Overlord  
  122  9:40  Overlord x2  
  122  9:41  Overlord  
  122  10:11  Extractor  
  122  10:12  Hatchery  
  120  10:15  Extractor  
  120  10:17  Hive  
  119  10:36  Hydralisk  
  119  10:37  Hydralisk x4, Roach x2  
  119  10:38  Hydralisk x3, Roach x5  
  119  10:39  Roach  
  151  10:44  Drone x2  
  151  10:48  Tunneling Claws  
  153  10:53  Queen  
  153  10:57  Drone x3  
  156  10:58  Drone x2  
  156  11:00  Overlord  
  156  11:01  Overlord x2  
  141  11:35  Hydralisk x4, Roach  
  141  11:36  Hydralisk x5, Roach x5  
  141  11:37  Roach x3  
  177  11:44  Queen  
  181  11:49  Zerg Missile Weapons Level 3  
  181  11:50  Zerg Ground Armor Level 3  
  179  11:56  Ultralisk Cavern  
  179  11:58  Hydralisk x3, Roach x2  
  179  11:59  Roach  
  179  12:01  Overlord x3  
  190  12:19  Lurker x8  
  198  12:25  Roach  
  200  12:34  Extractor  
  200  12:35  Extractor  
  196  13:11  Hydralisk x4, Roach  
  196  13:12  Roach x2  
  190  13:26  Hydralisk x2, Roach x3  
  184  13:57  Hydralisk  
  184  13:58  Hydralisk x4, Roach x3  
  184  13:59  Roach x4  
  184  14:00  Roach  
  190  14:15  Hydralisk x3  
  190  14:16  Hydralisk, Roach x4  
  182  14:49  Hydralisk x3  
  182  14:50  Hydralisk, Roach x4  
  182  14:51  Roach  
  194  15:15  Hydralisk  
  194  15:16  Roach x2  
Show
View Real Time Build Order
Export as new Build Order

Pycckuu Protoss 

Build Orders:  

Get SALT Encoding   

  12  0:04  Probe (Chrono Boost)  
  13  0:14  Probe (Chrono Boost)  
  13  0:19  Pylon  
  14  0:25  Probe (Chrono Boost)  
  15  0:37  Probe (Chrono Boost)  
  15  0:38  Gateway  
  16  0:48  Probe (Chrono Boost)  
  17  0:55  Assimilator  
  17  1:01  Probe (Chrono Boost)  
  18  1:06  Forge  
  18  1:14  Probe (Chrono Boost)  
  19  1:24  Probe (Chrono Boost)  
  20  1:35  Probe (Chrono Boost)  
  21  1:49  Probe (Chrono Boost)  
  22  1:59  Pylon  
  22  2:06  Pylon  
  22  2:19  Photon Cannon  
  21  2:34  Photon Cannon  
  20  2:39  Probe (Chrono Boost)  
  21  2:49  Cybernetics Core  
  21  2:50  Nexus  
  21  2:55  Pylon  
  21  2:57  Photon Cannon  
  21  3:07  Zealot  
  23  3:14  Photon Cannon  
  23  3:17  Photon Cannon  
  23  3:20  Gateway  
  23  3:23  Pylon  
  23  3:32  Gateway  
  23  3:37  Pylon  
  23  3:45  Assimilator, Probe (Chrono Boost)  
  24  3:53  Zealot  
  26  4:03  Probe (Chrono Boost)  
  27  4:13  Probe (Chrono Boost)  
  28  4:21  Pylon  
  28  4:23  Stalker x2  
  32  4:25  Probe (Chrono Boost)  
  33  4:36  Probe (Chrono Boost)  
  35  4:39  Probe (Chrono Boost)  
  35  4:47  Robotics Facility  
  35  4:51  Robotics Facility  
  35  4:54  Mothership Core (Chrono Boost)  
  37  5:44  Immortal x2  
  37  5:46  Probe (Chrono Boost)  
  47  5:57  Probe (Chrono Boost)  
  47  6:07  Probe (Chrono Boost)  
  48  6:16  Protoss Ground Weapons Level 1  
  48  6:18  Probe (Chrono Boost)  
  49  6:20  Probe (Chrono Boost)  
  49  6:24  Pylon  
  50  6:26  Immortal  
  54  6:33  Pylon  
  54  6:42  Immortal, Probe (Chrono Boost)  
  54  6:45  Pylon  
  59  6:53  Probe (Chrono Boost)  
  60  6:56  Warp Gate  
  60  7:02  Assimilator  
  60  7:03  Probe (Chrono Boost)  
  60  7:05  Observer, Assimilator  
  62  7:14  Probe (Chrono Boost)  
  62  7:15  Nexus  
  63  7:19  Pylon  
  63  7:20  Probe (Chrono Boost)  
  64  7:24  Forge, Probe (Chrono Boost)  
  64  7:26  Forge  
  65  7:32  Probe (Chrono Boost)  
  65  7:35  Probe (Chrono Boost)  
  67  7:39  Photon Cannon x2  
  67  7:43  Gateway  
  67  7:48  Probe (Chrono Boost)  
  68  7:59  Probe (Chrono Boost)  
  68  8:00  Immortal  
  73  8:17  Protoss Ground Armor Level 1  
  73  8:27  Protoss Shields Level 1  
  73  8:47  Probe (Chrono Boost)  
  74  8:57  Probe (Chrono Boost)  
  75  9:04  Twilight Council  
  75  9:08  Probe (Chrono Boost)  
  76  9:18  Probe (Chrono Boost)  
  76  9:22  Probe (Chrono Boost)  
  76  9:23  Probe (Chrono Boost)  
  79  9:29  Probe (Chrono Boost)  
  80  9:34  Probe x2 (Chrono Boost)  
  82  9:39  Probe (Chrono Boost)  
  82  9:45  Probe (Chrono Boost)  
  85  9:46  Probe (Chrono Boost)  
  85  9:50  Probe (Chrono Boost)  
  85  9:52  Protoss Ground Weapons Level 2  
  86  9:55  Probe (Chrono Boost)  
  86  9:58  Immortal x2, Probe (Chrono Boost)  
  96  10:01  Probe (Chrono Boost)  
  96  10:03  Nexus  
  98  10:07  Probe (Chrono Boost), Charge, Protoss Ground Armor Level 2  
  98  10:08  Pylon, Protoss Shields Level 2  
  98  10:10  Probe (Chrono Boost)  
  98  10:11  Probe (Chrono Boost)  
  100  10:14  Pylon  
  100  10:18  Pylon  
  100  10:19  Probe (Chrono Boost)  
  101  10:26  Probe (Chrono Boost)  
  101  10:28  Pylon, Probe (Chrono Boost)  
  103  10:32  Assimilator  
  103  10:34  Pylon  
  103  10:35  Pylon, Assimilator  
  103  10:37  Observer, Pylon, Probe (Chrono Boost), Photon Cannon x2  
  103  10:39  Photon Cannon  
  103  10:42  Gateway, Photon Cannon  
  105  10:48  Probe (Chrono Boost)  
  106  10:59  Immortal  
  110  11:05  Immortal  
  110  11:10  Probe (Chrono Boost)  
  107  11:30  Stalker x3  
  113  11:42  Gateway  
  113  11:45  Gateway x2  
  113  11:46  Gateway  
  113  11:50  Gateway x2  
  113  11:54  Gateway x2  
  113  11:58  Probe (Chrono Boost)  
  113  11:59  Gateway  
  114  12:04  Photon Cannon  
  114  12:06  Photon Cannon  
  114  12:09  Probe (Chrono Boost)  
  114  12:10  Robotics Bay  
  114  12:11  Pylon  
  114  12:14  Mothership Core (Chrono Boost)  
  117  12:19  Probe (Chrono Boost)  
  117  12:20  Assimilator  
  118  12:25  Assimilator  
  118  12:29  Pylon  
  118  12:30  Probe (Chrono Boost)  
  118  12:31  Gateway  
  118  12:32  Gateway x2  
  118  12:36  Stalker  
  121  12:37  Stalker x2  
  121  12:43  Observer x2  
  126  13:06  Stalker x5  
  126  13:07  Stalker x2  
  106  13:22  Stalker  
  108  13:32  Stalker x2  
  108  13:33  Stalker x3  
  111  13:36  Colossus  
  111  13:37  Colossus  
  113  13:56  Stalker  
  113  13:57  Stalker  
  111  14:06  Stalker x5  
  79  14:31  Immortal x2  
  70  14:40  Stalker x4  
  70  14:41  Stalker  
  80  14:46  Pylon  
  80  14:54  Photon Cannon  
  53  15:12  Observer x2  
  55  15:22  Templar Archives  
Tags
 
Composition
Lurkers
League
GoldGold
Matchup
PvZ
Add a new tag
Caveats
  • Supply blocks, unpowered buildings, or Contaminate may cause inaccurate times.
  • Supply counts are checked every 10 seconds.